 Dungeon Crawl Stone Soup version 0.30-a0-782-ge64f9170bb (webtiles) character file.

Game seed: 17691072342922623544

928 hikkokomori the Digger (level 8, -3/48 HPs)
             Began as a Gargoyle Earth Elementalist on Feb 18, 2023.
             Was a Follower of Vehumet.
             Slain by an orc warrior
             ... wielding a +0 dire flail
              (11 damage)
             ... on level 6 of the Dungeon.
             The game lasted 00:07:51 (6246 turns).

hikkokomori the Digger (GrEE)                       Turns: 6246, Time: 00:07:51

Health: -3/48      AC:  7    Str: 13    XL:     8   Next: 11%
Magic:  1/11       EV: 11    Int: 23    God:    Vehumet [*.....]
Gold:   402        SH:  0    Dex: 10    Spells: 4/11 levels left

rFire   . . .      SeeInvis .    h - +0 hand axe
rCold   . . .      Faith    .    (no shield)
rNeg    + . .      Spirit   .    a - +0 robe
rPois   ∞          Reflect  .    (no helmet)
rElec   +          Harm     .    j - scarf {repulsion}
rCorr   .          Rampage  .    (no gloves)
Will    .....                    (no boots)
Stlth   +++                      (no amulet)
HPRegen 0.28/turn                r - +6 ring of intelligence
MPRegen 0.12/turn                (no ring)

@: repel missiles
A: sickness immunity, AC +5, negative energy resistance 1, electricity
resistance, torment resistance 1, petrification resistance
a: Renounce Religion


You were on level 6 of the Dungeon.
You worshipped Vehumet.
Vehumet was aware of your devotion.
You visited 1 branch of the dungeon, and saw 6 of its levels.
You also visited: Ossuary.

You collected 402 gold pieces.

Inventory:

Hand Weapons
 c - a +0 dagger
 h - a +0 hand axe (weapon)
Missiles
 v - 5 silver javelins
Armour
 a - a +0 robe (worn)
 j - a scarf of repulsion (worn)
Jewellery
 r - a +6 ring of intelligence (left hand)
 F - a ring of resist corrosion
Scrolls
 e - 2 scrolls of identify
 g - 2 scrolls of poison
 l - a scroll of acquirement {unknown}
 m - a scroll of summoning {unknown}
 o - 4 scrolls of teleportation
 q - a scroll of fog
 t - 2 scrolls of fear
 u - a scroll of torment {unknown}
 x - a scroll of immolation {unknown}
 z - 3 scrolls of enchant weapon {unknown}
 A - 2 scrolls of enchant armour {unknown}
 E - a scroll of vulnerability {unknown}
Potions
 b - a potion of magic
 d - 2 potions of brilliance {unknown}
 f - 2 potions of berserk rage {unknown}
 i - a potion of ambrosia {unknown}
 k - 2 potions of resistance
 n - a potion of mutation {unknown}
 p - 2 potions of haste {unknown}
 s - a potion of lignification {unknown}
 w - 3 potions of curing
 B - 2 potions of flight {unknown}
 C - a potion of attraction {unknown}
 D - a potion of might {unknown}


   Skills:
 + Level 4.8 Fighting
 - Level 1.5 Dodging
 + Level 5.9 Stealth
 - Level 2.0 Spellcasting
 + Level 4.1 Conjurations
 - Level 0.7 Transmutations
 + Level 6.6 Earth Magic


You had 4 spell levels left.
You knew the following spells:

 Your Spells              Type           Power      Damage    Failure   Level
a - Sandblast             Erth           64%        2d14      1%          1
b - Stone Arrow           Conj/Erth      54%        3d10      4%          3
c - Call Canine Familiar  Summ           2%         N/A       36%         3

Your spell library contained the following spells:

 Spells                   Type           Power      Damage    Failure   Level
 Kiss of Death            Conj/Necr      44%        2d8       5%          1
 Passwall                 Tmut/Erth      15%        N/A       4%          2
 Beastly Appendage        Tmut           10%        N/A       10%         1
 Summon Small Mammal      Summ           8%         N/A       13%         1
 Wereblood                Tmut           5%         N/A       14%         2
 Lesser Beckoning         Tloc           4%         N/A       19%         2
 Petrify                  Tmut/Erth      19%        N/A       28%         4
 Spider Form              Tmut/Pois      3%         N/A       32%         3
 Gell's Gravitas          Tloc           2%         N/A       36%         3
 Summon Guardian Golem    Hex/Summ       2%         N/A       36%         3
 Teleport Other           Tloc           2%         N/A       36%         3


Dungeon Overview and Level Annotations

Branches:
Dungeon (6/15)             Temple (0/1) D:5         Ossuary (visited)

Altars:
Kikubaaqudgha
Makhleb
Nemelex Xobeh
Qazlal
Vehumet

Annotations:
D:6 Pikel


Innate Abilities, Weirdness & Mutations

You are immune to sickness and miasma.
Your stone body is resilient. (AC +5)
You are immune to poison.
You resist negative energy. (rN+)
You are resistant to electric shocks. (rElec)
You are resistant to unholy torment.
You are immune to petrification.


Message History

You hit the orc warrior but do no damage.
The orc warrior is heavily wounded.
The orc warrior barely misses you. x2
You hear a zap.
You hear a grinding noise.
You barely miss the orc warrior.
The orc warrior is heavily wounded.
The orc warrior hits you with a +0 dire flail!
You hit the orc warrior.
The orc warrior is heavily wounded.
The orc warrior misses you.
The orc warrior attacks as you move away!
The orc warrior completely misses you.
An orc wizard comes into view. It is wielding a +0 dagger.
Aiming: Throw Flame
Press: ? - help, Shift-Dir - straight line, f/p - orc warrior
Aim: an orc warrior, wielding a +0 dire flail and wearing a +0 plate armour (heavily wounded, 68% to hit)
The puff of flame hits the orc warrior.
The orc warrior is severely wounded.
The now-empty wand crumbles to dust.
The orc warrior hits you with a +0 dire flail.
Casting: Sandblast (safe; 1% risk of failure)
Confirm with . or Enter, or press ? or * to list all spells.
Okay, then.
You hear a zap.
You hear a grinding noise.
You see here a +0 spear.
The orc warrior attacks as you move away!
The orc warrior hits you with a +0 dire flail!
* * * LOW HITPOINT WARNING * * *
Casting: Sandblast (safe; 1% risk of failure)
Confirm with . or Enter, or press ? or * to list all spells.
Aiming: Sandblast (safe; 1% risk of failure)
Press: ? - help, Shift-Dir - straight line, f/p - orc warrior
Aim: an orc warrior, wielding a +0 dire flail and wearing a +0 plate armour (severely wounded, 84% to hit)
The blast of sand hits the orc warrior but does no damage.
The orc warrior is severely wounded.
You hear a zap.
You hear a grinding noise.
The orc warrior hits you with a +0 dire flail.
* * * LOW HITPOINT WARNING * * *
The orc warrior hits you with a +0 dire flail!
You die...

,..#....,,,..,*#......###.......#
###....#****#.##.....#.#.###.###.
,......# #...........####.# ##
.##.##.########......#####.#.####
.#...#........#......# ##.#......
........#####.#####.####.###.####
.....#.## #.# #.##..## ##.# #
..#.##.## #.#####.##.#.###.####
##.......####..o@.........#..[...
*#...##...).o....##...[...>......
..#.....######.#.#####.#.#######.
........#****#.#.# #.#.# #^
..#.).#..,,,*#.#.# #.#.# #.
#.##5##5.**,*#.#.# #.#.# #####.
#,..5...##*,,..#.# **#.#.###.....
,.#.,,o##****.##.# *,..#.........
**#,*,.,,,,,,.,..#**,#.#####.###.


You could see an orc warrior and an orc wizard.

Vanquished Creatures
  Grinder (D:3)
  2 lemures (D:6)
  An elf zombie (Ossuary)
  A necrophage (D:5)
  3 scorpions
  A crimson imp (D:4)
  2 hounds (D:5)
  A jelly (D:5)
  A human zombie (Ossuary)
  2 iguanas (D:5)
  4 mummies (Ossuary)
  6 adders
  A white imp (D:5)
  An adder zombie (Ossuary)
  3 worms
  2 dart slugs
  8 orcs
  7 ball pythons
  2 bats
  6 endoplasms
  3 giant cockroaches
  5 goblins
  7 hobgoblins
  8 jackals (D:5)
  2 quokkas
  2 frilled lizards
  3 goblin zombies (Ossuary)
  A hobgoblin zombie (Ossuary)
  4 jackal zombies (Ossuary)
  5 kobolds
  An orc zombie (Ossuary)
  2 rats (D:2)
98 creatures vanquished.

Notes
Turn   | Place    | Note
-------+----------+-------------------------------------------
     0 | D:1      | hikkokomori the Gargoyle Earth Elementalist began the quest
                  | for the Orb.
     0 | D:1      | Reached XP level 1. HP: 10/10 MP: 3/3
   402 | D:1      | Reached XP level 2. HP: 16/16 MP: 1/5
   423 | D:1      | Reached skill level 1 in Fighting
   438 | D:1      | Reached skill level 4 in Earth Magic
   698 | D:1      | Found a faded altar of an unknown god.
  1173 | D:2      | Reached XP level 3. HP: 20/20 MP: 2/6
  1739 | D:2      | Reached XP level 4. HP: 26/26 MP: 5/7
  2457 | D:2      | Learned a level 3 spell: Stone Arrow
  2906 | D:3      | Found a stormy altar of Qazlal.
  3035 | D:3      | Noticed Grinder
  3057 | D:3      | Paralysed by Grinder for 4 turns
  3080 | D:3      | Killed Grinder
  3081 | D:3      | Reached skill level 5 in Earth Magic
  3081 | D:3      | Reached XP level 5. HP: 13/32 MP: 1/8
  3081 | D:3      | Reached XP level 6. HP: 15/37 MP: 1/9
  3600 | D:4      | Found a burning altar of Makhleb.
  3626 | D:4      | Found a radiant altar of Vehumet.
  3657 | D:4      | Became a worshipper of Vehumet
  3894 | D:4      | Found an ancient bone altar of Kikubaaqudgha.
  4282 | D:5      | Entered Level 5 of the Dungeon
  4296 | D:5      | Reached XP level 7. HP: 29/42 MP: 3/10
  4430 | D:5      | Found a staircase to the Ecumenical Temple.
  4488 | D:5      | Reached skill level 5 in Stealth
  4782 | D:5      | Reached skill level 6 in Earth Magic
  4945 | D:5      | Found a sparkling altar of Nemelex Xobeh.
  5418 | D:5      | Reached * piety under Vehumet
  5418 | D:5      | Offered knowledge of Kiss of Death by Vehumet.
  5423 | D:5      | Learned a level 3 spell: Call Canine Familiar
  5743 | D:6      | Found a sand-covered staircase.
  5752 | Ossuary  | Entered an ossuary
  5835 | Ossuary  | Reached XP level 8. HP: 14/48 MP: 7/11
  6214 | D:6      | Noticed Pikel
  6246 | D:6      | Slain by an orc warrior

Illustrated notes

Levels and vault maps discovered:
D:1:      psy_arrival_conway, layout_basic, serial_rivers,
          chequers_serial_rivers_large_a, chequers_serial_rivers_micro_b,
          chequers_serial_rivers_marsh, chequers_serial_rivers_marsh,
          basic_ecumenical_altar, hangedman_decor_diamond_cutter
D:2:      layout_basic, kennysheep_generic_room_16
D:3:      layout_loops_ring, mainiacjoe_overflow_concentric_impassable,
          nrook_mini_vaults, uniq_crazy_yiuf_cottage, uniq_grinder
D:4:      layout_basic, grunt_temple_overflow_lords_of_destruction,
          kennysheep_mini
D:5:      layout_basic, nemelex_diamond_rough_becter,
          minmay_temple_entry_slanted, serial_corexii_hall,
          corexii_hall_statues_x, corexii_hall_statues_l,
          corexii_hall_statues_s, minmay_misc_feat_more_columns
D:6:      layout_loops_ring, lemuel_crystal_altar, enter_ossuary_1,
          hangedman_decor_clover_reticule, nicolae_lava_and_water, uniq_sigmund,
          uniq_eustachio, uniq_pikel, uniq_edmund

Skill      XL: |  1  2  3  4  5  6  7 |
---------------+----------------------+-----
Fighting       | 1 2 3 4 |  4.8
Earth Magic    | 4 5 6 |  6.6
Stealth        | 3 4 5 |  5.9
Conjurations   | 2 4 |  4.1
Dodging        | |  1.5
Spellcasting   | |  2.0
Transmutations | |  0.7

Action                     |  1- 3 |  4- 6 |  7- 9 || total
---------------------------+-------+-------+-------++-------
  Melee: Unarmed           |     3 |       |       ||     3
         Dagger            |     1 |       |       ||     1
         Hand axe          |       |       |    52 ||    52
         Punch             |       |       |     2 ||     2
  Throw: Javelin           |       |     5 |       ||     5
   Cast: Sandblast         |    37 |    57 |    84 ||   178
         Stone Arrow       |       |       |     7 ||     7
  Evoke: Wand              |       |       |     1 ||     1
    Use: Scroll            |       |     1 |     5 ||     6
         Potion            |       |       |     1 ||     1
 Armour: Robe              |     9 |     5 |    45 ||    59
  Dodge: Dodged            |     8 |    10 |    63 ||    81

Table legend: (Time is in decaauts)
 A = Elapsed time spent in this place.
 B = Non-inter-level travel time spent in this place.
 C = Inter-level travel time spent in this place.
 D = Time resting spent in this place.
 E = Time spent auto-exploring this place.
 F = Levels seen in this place.
 G = Mean time per level.
                   A        B        C        D        E       F      G
               +--------+--------+--------+--------+--------+-----+--------+
         Total |   6362 |   6195 |    167 |     17 |   5380 |   7 |  908.9 |
       Dungeon |   5946 |   5779 |    167 |     17 |   5125 |   6 |  991.0 |
       Ossuary |    416 |    416 |      0 |      0 |    255 |   1 |  416.0 |
               +--------+--------+--------+--------+--------+-----+--------+

Top non-repeatable levels by time:
     D:2: 1712 daAuts
     D:5: 1455 daAuts
     D:1: 1026 daAuts
     D:4: 857 daAuts
     D:3: 743 daAuts
 Ossuary: 416 daAuts
     D:6: 151 daAuts
